[Event "Titled Tuesday Blitz August 16 Early 2022"]
[White "Horak, Martin"]
[Black "Clawitter, Craig"]
[WhiteFideId "367095"]
[BlackFideId "2023105"]
[WhiteElo "1997"]
[BlackElo "2050"]
[Result "1-0"]
[Round "10"]
[TimeControl "180+2"]
[Date "2022.08.18"]
[WhiteClock "0:00:00"]
[BlackClock "0:00:00"]

1. Nf3 Nf6 2. c4 e6 3. Nc3 d5 4. e3 c6 5. b3 Nbd7 6. Bb2 Bd6 7. d4 O-O 8. Be2 b6 9. O-O Bb7 10. Qc2 Re8 11. Rad1 Rc8 12. Rfe1 Qe7 13. Bf1 e5 14. dxe5 Nxe5 15. Nd4 Ba3 16. Nf5 Qf8 17. cxd5 cxd5 18. Bxa3 Qxa3 19. Qd2 a6 20. Rc1 g6 21. Nd4 Ne4 22. Nxe4 dxe4 23. Be2 Red8 24. Rxc8 Rxc8 25. h3 Qd6 26. Rc1 Rxc1+ 27. Qxc1 Qc5 28. Qxc5 bxc5 29. Nc2 f5 30. Kf1 Kf7 31. Ke1 Ke6 32. Kd2 Kd5 33. Kc3 a5 34. Na3 g5 35. Nb5 f4 36. Nc7+ Kd6 37. Ne8+ Ke7 38. Ng7 f3 39. Bf1 Kf6 40. Nh5+ Kg6 41. g4 Bc8 42. Ng3 Nf7 43. Nxe4 Bb7 44. Nxc5 1-0


[Site "https://www.chess.com"]

[Event "Titled Tuesday Blitz August 16 Early 2022"]
[White "Iljin, Timofey"]
[Black "Ziatdinov, Raset"]
[WhiteFideId "14110180"]
[BlackFideId "2015323"]
[WhiteElo "2404"]
[BlackElo "2220"]
[Result "1-0"]
[Round "10"]
[TimeControl "180+2"]
[Date "2022.08.18"]
[WhiteClock "0:00:00"]
[BlackClock "0:00:00"]

1. d4 Nf6 2. c4 g6 3. Nc3 Bg7 4. e4 d6 5. f4 O-O 6. Nf3 c5 7. d5 e5 8. fxe5 dxe5 9. Bd3 Bg4 10. O-O Nbd7 11. Be3 Nh5 12. h3 Bxf3 13. Qxf3 Qc7 14. a3 Rae8 15. b4 b6 16. Nb5 Qb8 17. Rab1 a6 18. Nc3 Qc7 19. Na4 Rb8 20. bxc5 Nxc5 21. Nxc5 bxc5 22. Rxb8 Rxb8 23. Qf2 Rb3 24. Bc2 Rxa3 25. Bxc5 Rc3 26. Bb6 Qxc4 27. Qxf7+ Kh8 28. Qe8+ 1-0


[Site "https://www.chess.com"]

[Event "Titled Tuesday Blitz August 16 Early 2022"]
[White "Kambrath, Yannick"]
[Black "Kuznetsova, Olga"]
[WhiteFideId "20632525"]
[BlackFideId "4191323"]
[WhiteElo "2236"]
[BlackElo "2134"]
[Result "1-0"]
[Round "10"]
[TimeControl "180+2"]
[Date "2022.08.18"]
[WhiteClock "0:00:00"]
[BlackClock "0:00:00"]

1. d4 Nf6 2. c4 e6 3. Nf3 d5 4. g3 Be7 5. Bg2 O-O 6. O-O dxc4 7. Qc2 b5 8. a4 b4 9. Nbd2 Bb7 10. Nxc4 c5 11. dxc5 Be4 12. Qd1 Bxc5 13. Bg5 Qxd1 14. Rfxd1 Nbd7 15. Nfe5 Bxg2 16. Nxd7 Nxd7 17. Kxg2 Nb6 18. Nxb6 axb6 19. b3 f6 20. Be3 Bxe3 21. fxe3 Rfd8 22. Kf3 Kf7 23. Rxd8 Rxd8 24. Rc1 Rd5 25. Rc7+ Kg6 26. Rc6 b5 27. a5 Rf5+ 28. Ke4 Rf2 29. Kd3 Rxh2 30. a6 Rh1 31. a7 Ra1 32. Rc7 h5 33. Kd4 Kh6 34. Kc5 g5 35. Kb6 h4 36. gxh4 gxh4 37. Kb7 h3 38. Rc8 Kh7 39. a8=Q Rxa8 40. Kxa8 1-0


[Site "https://www.chess.com"]

[Event "Titled Tuesday Blitz August 16 Early 2022"]
[White "Kamsky, Gata"]
[Black "Le, Tuan Minh"]
[WhiteFideId "2000024"]
[BlackFideId "12401153"]
[WhiteElo "2666"]
[BlackElo "2530"]
[Result "1-0"]
[Round "10"]
[TimeControl "180+1"]
[Date "2022.08.16"]
[WhiteClock "0:00:16"]
[BlackClock "0:00:01"]

1. d4 d5 2. Bf4 Nf6 3. e3 c5 4. c3 Qb6 5. Qb3 Nc6 6. Nd2 e6 7. Ngf3 Nh5 8. Qxb6 axb6 9. Bc7 c4 10. Bxb6 Nf6 11. Bc7 b5 12. a3 b4 13. cxb4 Bxb4 14. Rc1 Be7 15. Be2 O-O 16. O-O Bd7 17. Ne5 Ra7 18. Nxd7 Nxd7 19. Bg3 Nb6 20. Rc2 f5 21. Nf3 Rc8 22. h4 Na5 23. Nd2 Rca8 24. Rb1 Nd7 25. b4 Nb7 26. Nxc4 dxc4 27. Bxc4 Nd8 28. d5 Nb6 29. d6 Bf6 30. Bb3 Rxa3 31. f3 Kf8 32. e4 fxe4 33. fxe4 Ra1 34. Rcc1 Rxb1 35. Rxb1 Ra1 36. Rxa1 Bxa1 37. Bf2 Nd7 38. Ba4 Nf6 39. Bb6 Nf7 40. d7 Ke7 41. Bc5+ Kd8 42. Bb6+ Ke7 43. Bc5+ Nd6 44. Bxd6+ Kd8 45. Bc6 Bd4+ 46. Kf1 Ng4 47. Ke2 Bb6 48. b5 g6 49. Kf3 Ne3 50. Be5 Ke7 51. Bf4 1-0


[Site "https://www.chess.com"]

[Event "Titled Tuesday Blitz August 16 Early 2022"]
[White "Kiseljova, Marya"]
[Black "Johnson, Ben"]
[WhiteFideId "4155009"]
[BlackFideId "2010917"]
[WhiteElo "1697"]
[BlackElo "2050"]
[Result "1-0"]
[Round "10"]
[TimeControl "180+2"]
[Date "2022.08.18"]
[WhiteClock "0:00:00"]
[BlackClock "0:00:00"]

1. d4 Nf6 2. c4 e6 3. g3 d5 4. Nf3 Bb4+ 5. Nbd2 O-O 6. Bg2 Nbd7 7. O-O b6 8. cxd5 exd5 9. Qa4 Bd6 10. Qc6 Rb8 11. b3 Bb7 12. Qc2 c5 13. Ba3 Rc8 14. Qf5 Qe7 15. Rfe1 g6 16. Qb1 Ne4 17. Nxe4 dxe4 18. Nd2 f5 19. Nc4 Bb8 20. dxc5 Nxc5 21. Qb2 Bd5 22. Rac1 Bxc4 23. Rxc4 Be5 24. Qc1 Bd6 25. Rd1 Rfd8 26. Bf1 Rb8 27. e3 Ne6 28. Bxd6 Rxd6 29. Rc8+ Rd8 30. Rxb8 Rxb8 31. Bc4 Rf8 32. Qd2 Kg7 33. Qc3+ Kh6 34. h4 g5 35. hxg5+ Nxg5 36. Kg2 Kg6 37. Rh1 Qf6 38. Qb4 Nf3 39. Be2 Ng5 40. Bh5+ Kg7 41. Qc4 Nf7 42. Qc7 Kg8 43. Be2 Ne5 44. Bc4+ Nf7 45. Bd5 Kg7 46. a4 Kg6 47. Bc4 h6 48. Be2 Ng5 49. Bh5# 1-0


[Site "https://www.chess.com"]

[Event "Titled Tuesday Blitz August 16 Early 2022"]
[White "Kohler, Aran"]
[Black "Veiga, Jose Francisco R P Neves"]
[WhiteFideId "1002856"]
[BlackFideId "1930087"]
[WhiteElo "2060"]
[BlackElo "2273"]
[Result "0-1"]
[Round "10"]
[TimeControl "180+2"]
[Date "2022.08.18"]
[WhiteClock "0:00:00"]
[BlackClock "0:00:00"]

1. Nf3 d6 2. d4 Nf6 3. Bg5 Nbd7 4. Nbd2 g6 5. e3 Bg7 6. Bd3 O-O 7. h4 h6 8. h5 hxg5 9. hxg6 e5 10. gxf7+ Rxf7 11. Nxg5 Re7 12. Qf3 exd4 13. Bc4+ Kf8 14. Ne6+ Rxe6 15. Bxe6 Ne5 16. Qh3 Bxe6 17. Qxe6 dxe3 18. fxe3 Qe8 19. Qh3 Neg4 20. Nf1 Qb5 21. Qf3 Qxb2 22. Rd1 Re8 23. Rh4 Qc3+ 24. Ke2 Qxc2+ 25. Rd2 Qc4+ 26. Ke1 Ne5 27. Rxc4 Nxf3+ 28. gxf3 Re7 29. Kf2 Bh6 30. Rb2 c6 31. f4 d5 32. Ra4 Ne4+ 33. Kf3 b5 34. Ra6 Rc7 35. Rc2 Bg7 36. Rcxc6 Rf7 37. Rc8+ Ke7 38. Rxa7+ Ke6 39. Rxf7 Kxf7 40. Rb8 Nd6 41. Rb6 Bf8 42. Nd2 Ke6 43. f5+ Kxf5 44. a3 Ke5 45. Nb3 Nc4 46. Rxb5 Nxa3 47. Ra5 Nc4 48. Ra8 Bd6 49. Nd4 Bc5 50. Re8+ Kd6 51. Re6+ Kd7 52. Rh6 Ne5+ 53. Ke2 Ng4 54. Kd3 Nxh6 55. Nb3 Bb6 56. Nc1 Ng4 57. e4 Nf2+ 58. Ke2 Nxe4 59. Kd3 Ke6 60. Ne2 Nc5+ 61. Kd4 Ne4+ 62. Kd3 Nd6 63. Nc1 Ke5 64. Nb3 Ne4 65. Nc1 Nf2+ 66. Ke2 Ke4 67. Kd2 d4 68. Ne2 Ba5+ 0-1


[Site "https://www.chess.com"]

[Event "Titled Tuesday Blitz August 16 Early 2022"]
[White "Koridze, Lile"]
[Black "Harsh Suresh"]
[WhiteFideId "13612514"]
[BlackFideId "45018464"]
[WhiteElo "2050"]
[BlackElo "2070"]
[Result "0-1"]
[Round "10"]
[TimeControl "180+2"]
[Date "2022.08.18"]
[WhiteClock "0:00:00"]
[BlackClock "0:00:00"]

1. d4 g6 2. c4 Bg7 3. Nc3 d6 4. e4 c5 5. Nf3 cxd4 6. Nxd4 Nc6 7. Be3 Nf6 8. Be2 O-O 9. O-O a5 10. Qd2 a4 11. Rfd1 Qa5 12. f3 Nxd4 13. Bxd4 Be6 14. Nd5 Bxd5 15. cxd5 Qxd2 16. Rxd2 Rfc8 17. Bc3 a3 18. Rb1 Rc7 19. Bxf6 Bxf6 20. bxa3 Rxa3 21. Kf1 h5 22. Rb3 Ra4 23. Bb5 Ra8 24. Bd3 Kg7 25. Ke2 h4 26. h3 Kh6 27. Bb5 Bg5 28. Rdb2 Bc1 29. Rb1 Rxa2+ 30. Kf1 Rcc2 0-1


[Site "https://www.chess.com"]

[Event "Titled Tuesday Blitz August 16 Early 2022"]
[White "Kosteniuk, Alexandra"]
[Black "Maiorov, Nikita"]
[WhiteFideId "4128125"]
[BlackFideId "13501720"]
[WhiteElo "2469"]
[BlackElo "2409"]
[Result "0-1"]
[Round "10"]
[TimeControl "180+1"]
[Date "2022.08.16"]
[WhiteClock "0:00:05"]
[BlackClock "0:00:09"]

1. e4 e5 2. Nf3 Nc6 3. Bc4 Bc5 4. c3 Nf6 5. d4 exd4 6. b4 Be7 7. e5 Ne4 8. b5 Na5 9. Bd5 Nxc3 10. Nxc3 dxc3 11. Qa4 c6 12. Be4 O-O 13. O-O d5 14. exd6 Bf6 15. Rd1 c2 16. Qxc2 Bxa1 17. Bxh7+ Kh8 18. Bg5 Bf6 19. h4 Bg4 20. Be4 Bxf3 21. Bxf3 Bxg5 22. hxg5 Qxg5 23. Rd4 Kg8 24. Qc3 Qf6 25. Qd2 cxb5 26. d7 Nc4 27. Qd1 Rad8 28. Bxb7 Ne5 29. g3 Qf5 30. Be4 Qf6 31. Rd5 Nxd7 32. Rxd7 Rxd7 33. Qxd7 g6 34. Qxa7 Qe5 35. Qb7 Rd8 36. Kg2 Rd4 37. Bf3 Kg7 38. Qb6 Rd2 39. a3 Qd4 40. Qxd4+ Rxd4 41. Bc6 Ra4 42. Bxb5 Rxa3 43. Bc6 Kf6 44. Bd5 Ke7 45. Be4 Ke6 46. Bc6 Ke5 47. Be8 Ke6 48. Bc6 g5 49. g4 f6 50. Be4 Ke5 51. Bf5 Kf4 52. Be6 Ra4 53. Bd7 Rd4 54. Be6 Rd2 55. Bc8 Rd8 56. Bf5 Rh8 57. Be6 Rh4 58. f3 Rh8 59. Bd5 Rd8 60. Be4 Rd2+ 61. Kh3 Ke3 62. Kg3 Rf2 63. Bd5 Rf1 64. Kg2 Rf2+ 65. Kg3 Rd2 66. Be4 Rb2 67. Bd5 Rb1 68. Kg2 Kf4 69. Kf2 Rb2+ 70. Ke1 Ke3 0-1


[Site "https://www.chess.com"]

[Event "Titled Tuesday Blitz August 16 Early 2022"]
[White "Kostiukov, Alexandr"]
[Black "Eynullayev, Atilla"]
[WhiteFideId "14108100"]
[BlackFideId "13413570"]
[WhiteElo "2202"]
[BlackElo "1936"]
[Result "1-0"]
[Round "10"]
[TimeControl "180+2"]
[Date "2022.08.18"]
[WhiteClock "0:00:00"]
[BlackClock "0:00:00"]

1. g3 Nf6 2. Bg2 e6 3. d3 Be7 4. e4 O-O 5. Qe2 d6 6. Nf3 Nc6 7. O-O h6 8. d4 e5 9. dxe5 dxe5 10. Rd1 Bd7 11. Nc3 Qc8 12. Nd5 Bd8 13. c3 Bh3 14. b4 Bxg2 15. Kxg2 Qe6 16. Nh4 Qf5 17. Nxf5 1-0


[Site "https://www.chess.com"]

[Event "Titled Tuesday Blitz August 16 Early 2022"]
[White "Kovacevic, Radmila"]
[Black "Buscar, Michael"]
[WhiteFideId "933171"]
[BlackFideId "2603616"]
[WhiteElo "2157"]
[BlackElo "2010"]
[Result "1-0"]
[Round "10"]
[TimeControl "180+2"]
[Date "2022.08.18"]
[WhiteClock "0:00:00"]
[BlackClock "0:00:00"]

1. c4 Nf6 2. Nf3 e6 3. Nc3 d5 4. d4 Be7 5. Bf4 O-O 6. c5 b6 7. cxb6 axb6 8. e3 Ba6 9. Bd3 c5 10. O-O Nc6 11. Re1 cxd4 12. exd4 Nb4 13. Bb1 Bc4 14. b3 Ba6 15. a3 Nc6 16. Bc2 Bb7 17. b4 Na7 18. Qd3 Qc8 19. Rac1 Qc4 20. Qd2 Nb5 21. Bd3 Qxc3 22. Rxc3 Nxc3 23. Qxc3 Rfc8 24. Qb2 Ne4 25. Nd2 Rc3 26. Bxe4 Rcxa3 27. Bb1 Bf6 28. Qc2 g6 29. Be5 Bg5 30. Nf3 Bh6 31. Qc7 Ba6 32. Qe7 Bc4 33. Qf6 Kf8 34. Bd6+ Kg8 35. Ne5 R3a7 36. Nxc4 Bg7 37. Qh4 dxc4 38. Be5 c3 39. Bxg7 Kxg7 40. d5 exd5 41. Qd4+ Kh6 42. Qxc3 Ra3 43. Qd4 Ra1 44. Qxb6 R8a2 45. Qe3+ Kg7 46. Bxa2 Rxa2 47. Qd4+ Kh6 48. Qxd5 Ra3 49. Qxf7 Ra4 50. h4 Rxb4 51. Qf8+ Kh5 52. Qxb4 h6 53. g4+ Kxh4 54. Re3 g5 55. Qf8 h5 56. Qh6 Kxg4 57. Rg3+ Kh4 58. Qxg5# 1-0


[Site "https://www.chess.com"]

[Event "Titled Tuesday Blitz August 16 Early 2022"]
[White "Krsnik Cohar, Ivan Vihor"]
[Black "Tanenbaum, Zachary"]
[WhiteFideId "14520044"]
[BlackFideId "2060850"]
[WhiteElo "2414"]
[BlackElo "2175"]
[Result "0-1"]
[Round "10"]
[TimeControl "180+1"]
[Date "2022.08.16"]
[WhiteClock "0:01:54"]
[BlackClock "0:01:47"]

1. e4 e5 2. Nf3 Nc6 3. d4 exd4 4. Bc4 Nf6 5. O-O Nxe4 6. Re1 d5 7. Bxd5 Qxd5 8. Nc3 Qa5 9. Nxe4 Be6 10. Neg5 O-O-O 11. Nxe6 fxe6 12. Rxe6 Qh5 13. Bf4 Qf5 14. Rxc6 bxc6 15. Bg5 Rd7 16. Qe2 Bc5 17. Qa6+ Kb8 18. b4 Bb6 19. a4 d3 20. c3 d2 21. Bxd2 Rxd2 22. Nxd2 Qxf2+ 23. Kh1 Qxd2 24. a5 Re8 25. Qf1 Bf2 0-1


[Site "https://www.chess.com"]

[Event "Titled Tuesday Blitz August 16 Early 2022"]
[White "Kuchava, Ana"]
[Black "Balabayeva, Xeniya"]
[WhiteFideId "13605348"]
[BlackFideId "13719688"]
[WhiteElo "1955"]
[BlackElo "1895"]
[Result "1-0"]
[Round "10"]
[TimeControl "180+2"]
[Date "2022.08.18"]
[WhiteClock "0:00:00"]
[BlackClock "0:00:00"]

1. d4 d5 2. Nf3 Nf6 3. c4 e6 4. Nc3 dxc4 5. e3 a6 6. Bxc4 b5 7. Bd3 Bb7 8. O-O Nbd7 9. Qe2 c5 10. Rd1 c4 11. Bc2 Be7 12. e4 Rc8 13. a3 Qc7 14. d5 e5 15. Bg5 h6 16. Bh4 Bc5 17. Bg3 Qd6 18. Nh4 g6 19. Kh1 O-O 20. Rf1 Nh5 21. Nf5 gxf5 22. Qxh5 f4 23. Bh4 Qg6 24. Qf3 Kh7 25. g3 fxg3 26. fxg3 Bd4 27. Qf5 Qxf5 28. Rxf5 f6 29. Raf1 Kg7 30. Bd1 Bc5 31. Bg4 Be7 32. R5f3 Rc7 33. Bf5 Nc5 34. g4 Bc8 35. Bxc8 Rcxc8 36. Nd1 Nb7 37. Bf2 Nd6 38. Be3 Nxe4 39. Rf5 Nd6 40. R5f3 Rfd8 41. Nc3 a5 42. Bb6 Rd7 43. Bxa5 Rb7 44. Bb4 Ne8 45. Bxe7 Rxe7 46. Ne4 Rf7 47. d6 Rd8 48. Rd1 Rfd7 49. Rdf1 Rf7 50. Rd1 Kg6 51. Rd5 f5 52. gxf5+ Rxf5 53. Rxf5 Kxf5 54. Ng3+ Ke6 55. Rxb5 Nxd6 56. Rb6 Kd5 57. Kg2 Rf8 58. Ra6 e4 59. Ra5+ Kd4 60. Ra6 Rf6 61. Ne2+ Kd3 62. Nc3 e3 63. Ra5 Nf5 64. Rd5+ Nd4 65. Re5 e2 66. Nxe2 Nxe2 67. a4 Nd4 68. a5 Ra6 69. Rh5 Nb3 70. Rh3+ Kc2 71. Rc3+ Kxb2 72. Rxc4 Rxa5 73. Rh4 h5 74. Kg3 Rf5 75. Rf4 Rd5 76. Kh4 Nd2 77. Rf2 Kc3 78. Rf6 Ne4 79. Rh6 1-0


[Site "https://www.chess.com"]

[Event "Titled Tuesday Blitz August 16 Early 2022"]
[White "Lakshmi C"]
[Black "Sultana, Sharmin Shirin"]
[WhiteFideId "25035347"]
[BlackFideId "10204482"]
[WhiteElo "1775"]
[BlackElo "1987"]
[Result "1-0"]
[Round "10"]
[TimeControl "180+2"]
[Date "2022.08.18"]
[WhiteClock "0:00:00"]
[BlackClock "0:00:00"]

1. e4 e5 2. Nf3 Nf6 3. d4 Nxe4 4. Nxe5 d6 5. Nf3 d5 6. Bd3 Bd6 7. O-O O-O 8. h3 c6 9. Nc3 Re8 10. Re1 Bf5 11. Be3 Bg6 12. Ne2 Qc7 13. c4 Nd7 14. cxd5 cxd5 15. Rc1 Qa5 16. a3 Ndf6 17. Nc3 Qd8 18. Nh4 Bh5 19. Nf3 Rc8 20. Be2 Nxc3 21. Rxc3 Rxc3 22. bxc3 Ne4 23. Qb3 b6 24. Kf1 Bc7 25. Bb5 Re6 26. Nd2 h6 27. Nxe4 Rxe4 28. Bd3 Re6 29. c4 dxc4 30. Bxc4 Rf6 31. Kg1 Qd6 32. Kf1 Qh2 33. f3 Bg3 34. Rd1 Qh1+ 35. Ke2 Qxg2+ 36. Kd3 Qxf3 37. Bd5 Bg6+ 38. Kc3 Qxe3+ 39. Kb4 Bd6+ 40. Ka4 Bc2 41. Qxc2 Qxa3+ 42. Kb5 Qb4+ 43. Ka6 Qa5+ 44. Kb7 Qxd5+ 45. Qc6 Qe6 46. Qc8+ Qxc8+ 47. Kxc8 Rf4 48. d5 Re4 49. Kd7 Bc5 50. Kc6 1-0


[Site "https://www.chess.com"]

[Event "Titled Tuesday Blitz August 16 Early 2022"]
[White "Lauridsen, Jesper Morch"]
[Black "Rosenberg, Evan S"]
[WhiteFideId "1401890"]
[BlackFideId "2019299"]
[WhiteElo "2221"]
[BlackElo "1999"]
[Result "0-1"]
[Round "10"]
[TimeControl "180+2"]
[Date "2022.08.18"]
[WhiteClock "0:00:00"]
[BlackClock "0:00:00"]

1. e4 e6 2. d4 d5 3. e5 c5 4. c3 Nc6 5. Nf3 Qb6 6. Bd3 cxd4 7. O-O Bd7 8. Re1 Nge7 9. h4 Rc8 10. h5 h6 11. Na3 a6 12. Nc2 dxc3 13. bxc3 Na5 14. Be3 Qc7 15. Rb1 b5 16. a4 Nc4 17. axb5 Bxb5 18. Ncd4 Nxe3 19. Nxb5 Nxd1 20. Nxc7+ Rxc7 21. Rb8+ Rc8 22. Rxc8+ Nxc8 23. Rxd1 a5 24. Bb5+ Kd8 25. Ra1 Bc5 26. Rxa5 Bb6 27. Ra8 Kc7 28. Ba6 Rd8 29. Nd4 Na7 30. Nb5+ Nxb5 31. Rxd8 Kxd8 32. Bxb5 Ba5 33. c4 d4 34. Kf1 d3 35. c5 d2 36. Ke2 Bc3 37. f4 Ke7 38. g4 f6 39. exf6+ gxf6 40. Ba4 Bb4 41. c6 Kd6 42. g5 fxg5 43. fxg5 hxg5 44. h6 Bc3 45. h7 g4 46. Bd1 Kxc6 47. h8=Q Bxh8 48. Kxd2 g3 49. Ke3 Be5 50. Ke4 Bc7 51. Bf3 Kc5 52. Ke3 Kc4 53. Bb7 Kc3 54. Bf3 Be5 55. Be4 Kb2 56. Bf3 Kc1 57. Ke2 Bf4 58. Bg2 e5 59. Bf3 Kc2 60. Be4+ Kc3 61. Bg2 Kd4 62. Bb7 e4 0-1


[Site "https://www.chess.com"]

[Event "Titled Tuesday Blitz August 16 Early 2022"]
[White "Lazavik, Denis"]
[Black "Nazari, Arad"]
[WhiteFideId "13515110"]
[BlackFideId "12577324"]
[WhiteElo "2437"]
[BlackElo "2129"]
[Result "1-0"]
[Round "10"]
[TimeControl "180+1"]
[Date "2022.08.16"]
[WhiteClock "0:01:54"]
[BlackClock "0:00:13"]

1. d4 Nf6 2. c4 g6 3. g3 c6 4. Bg2 d5 5. Nf3 Bg7 6. O-O O-O 7. Qb3 Qb6 8. Nc3 dxc4 9. Qxc4 Qa6 10. Qb3 Be6 11. Qc2 Nd5 12. Bg5 Nd7 13. e4 Nxc3 14. bxc3 Bc4 15. Rfe1 e6 16. Qd2 e5 17. h4 h5 18. Bh6 Rfe8 19. Bxg7 Kxg7 20. a4 Rad8 21. Qb2 f6 22. Rad1 Qxa4 23. Qxb7 Qa6 24. Qxa6 Bxa6 25. Ra1 Bd3 26. Rxa7 c5 27. dxe5 fxe5 28. Bh3 Re7 29. Rxd7 1-0


[Site "https://www.chess.com"]

[Event "Titled Tuesday Blitz August 16 Early 2022"]
[White "Leiva, Gianmarco"]
[Black "Yeletsky, Ivan"]
[WhiteFideId "3804399"]
[BlackFideId "24180327"]
[WhiteElo "2323"]
[BlackElo "2293"]
[Result "0-1"]
[Round "10"]
[TimeControl "180+1"]
[Date "2022.08.16"]
[WhiteClock "0:00:45"]
[BlackClock "0:01:21"]

1. e4 Nf6 2. e5 Nd5 3. d4 d6 4. exd6 cxd6 5. c4 Nf6 6. Nc3 g6 7. Be2 Bg7 8. Be3 O-O 9. h4 e5 10. h5 exd4 11. Bxd4 Nc6 12. Be3 Re8 13. hxg6 hxg6 14. Qd2 d5 15. O-O-O d4 16. Bxd4 Ne4 17. Nxe4 Nxd4 18. Bd3 Bf5 19. f3 Qb6 20. Kb1 Rad8 21. Nh3 Nxf3 22. gxf3 Rxd3 23. Qc2 Rxd1+ 24. Rxd1 Bxh3 25. c5 Qc7 26. Nd6 Rd8 27. b4 b6 28. Qh2 bxc5 29. Qxh3 Rxd6 30. Rxd6 Qxd6 31. Qc8+ Bf8 32. bxc5 Qxc5 33. Qb7 Qb6+ 34. Qxb6 axb6 0-1


[Site "https://www.chess.com"]

[Event "Titled Tuesday Blitz August 16 Early 2022"]
[White "Leschinsky, Gary"]
[Black "Suder, Jakub"]
[WhiteFideId "30951321"]
[BlackFideId "1195310"]
[WhiteElo "1809"]
[BlackElo "2095"]
[Result "0-1"]
[Round "10"]
[TimeControl "180+1"]
[Date "2022.08.16"]
[WhiteClock "0:00:56"]
[BlackClock "0:02:39"]

1. c4 e6 2. Nc3 d5 3. d4 a6 4. cxd5 exd5 5. Nf3 Nf6 6. Bg5 Be6 7. Bxf6 Qxf6 8. Qb3 Ra7 9. g3 Qd8 10. h4 c6 11. Bh3 Bxh3 12. Rxh3 Nd7 13. O-O-O Qb6 14. h5 Qxb3 15. axb3 Ra8 16. Kc2 f6 17. g4 Kf7 18. e3 Bd6 19. Rg1 Nb6 20. Nd2 a5 21. Ra1 Ra7 22. Na4 Nxa4 23. bxa4 b5 24. b3 Rb8 25. Rhh1 c5 26. dxc5 Bxc5 27. Kd3 Bb4 28. Nf3 Rc7 29. Rhc1 Rbc8 30. Rc4 dxc4+ 31. bxc4 bxc4+ 32. Ke2 Rd7 33. Nd4 Rxd4 34. exd4 c3 35. Kd3 Ke6 36. Re1+ Kd6 37. Rc1 Re8 38. Rc2 Re1 39. f4 Rd1+ 40. Kc4 Rd2 41. Rc1 c2 42. Kb3 Kd5 43. g5 fxg5 44. fxg5 Kxd4 45. h6 gxh6 46. gxh6 Kd3 47. Rh1 Re2 48. Rh3+ Re3 49. Rh1 Bd2 50. Rc1 Bxc1 51. Ka2 Bd2 52. Kb3 c1=Q 53. Ka2 Bc3 54. Kb3 Qb2# 0-1


[Site "https://www.chess.com"]

[Event "Titled Tuesday Blitz August 16 Early 2022"]
[White "Leve, Nitai"]
[Black "O`Gorman, Tom"]
[WhiteFideId "2006898"]
[BlackFideId "2508249"]
[WhiteElo "2144"]
[BlackElo "2270"]
[Result "0-1"]
[Round "10"]
[TimeControl "180+2"]
[Date "2022.08.18"]
[WhiteClock "0:00:00"]
[BlackClock "0:00:00"]

1. e4 c6 2. d4 d5 3. e5 Bf5 4. h4 h5 5. Bd3 Bxd3 6. Qxd3 e6 7. Bg5 Qb6 8. Nd2 Ne7 9. Ngf3 Nf5 10. O-O Nd7 11. c4 Bb4 12. cxd5 cxd5 13. Rfc1 Bxd2 14. Bxd2 O-O 15. a4 Rfc8 16. a5 Qa6 17. Qxa6 bxa6 18. Rxc8+ Rxc8 19. Ra3 Kf8 20. Rb3 Rc7 21. Kf1 Ke8 22. Ke2 Kd8 23. Kd3 Kc8 24. g3 Nb8 25. Be1 Nc6 26. Rc3 f6 27. exf6 gxf6 28. Rb3 Kd7 29. Bc3 Kd6 30. Bb4+ Kd7 31. Bc3 Kd6 32. Bb4+ Nxb4+ 33. Rxb4 e5 34. dxe5+ fxe5 35. Ng5 e4+ 36. Kd2 Ke5 37. Rb8 Nd4 38. Re8+ Kf6 39. Rf8+ Kg7 40. Rd8 Rc2+ 41. Ke3 Nf5+ 42. Kf4 Rxf2+ 43. Ke5 Nxg3 44. Ne6+ Kh7 45. Ng5+ Kh6 46. Rh8+ Kg7 47. Rh7+ Kg8 48. Rxa7 e3 49. Ra8+ Rf8 50. Rxf8+ Kxf8 0-1


[Site "https://www.chess.com"]

[Event "Titled Tuesday Blitz August 16 Early 2022"]
[White "Martic, Ivan"]
[Black "Blanco Ronquillo, Humberto L."]
[WhiteFideId "929301"]
[BlackFideId "3504239"]
[WhiteElo "2355"]
[BlackElo "2425"]
[Result "1-0"]
[Round "10"]
[TimeControl "180+2"]
[Date "2022.08.18"]
[WhiteClock "0:00:00"]
[BlackClock "0:00:00"]

1. d4 Nf6 2. Nf3 d5 3. e3 c6 4. Bd3 Bg4 5. O-O Nbd7 6. c4 e6 7. Nbd2 Bd6 8. Qb3 Qc7 9. Re1 O-O 10. c5 Be7 11. Qc3 Rfe8 12. b4 Bf8 13. Bb2 a6 14. Ne5 Nxe5 15. dxe5 Nd7 16. f4 Bf5 17. Bxf5 exf5 18. Nf3 a5 19. a3 axb4 20. axb4 Rxa1 21. Rxa1 b6 22. Nd4 bxc5 23. bxc5 Nxc5 24. Ba3 Qb6 25. Nxf5 Ne4 26. Qd4 Qb3 27. Bxf8 Kxf8 28. e6 f6 29. Qa7 Rxe6 30. Qxg7+ Ke8 31. Ra8+ 1-0


[Site "https://www.chess.com"]

[Event "Titled Tuesday Blitz August 16 Early 2022"]
[White "Martin, Lewis"]
[Black "Martinez, Shawn"]
[WhiteFideId "410551"]
[BlackFideId "2039770"]
[WhiteElo "2145"]
[BlackElo "2174"]
[Result "1-0"]
[Round "10"]
[TimeControl "180+2"]
[Date "2022.08.18"]
[WhiteClock "0:00:00"]
[BlackClock "0:00:00"]

1. e4 c5 2. Nf3 e6 3. d4 cxd4 4. Nxd4 a6 5. Nc3 Bb4 6. Bd2 d6 7. a3 Bxc3 8. Bxc3 Nf6 9. Qf3 O-O 10. O-O-O Qc7 11. g4 b5 12. g5 Nfd7 13. h4 Bb7 14. h5 Nc5 15. Bd3 Nbd7 16. Kb1 Ne5 17. Qe2 Rac8 18. f4 Nexd3 19. cxd3 Na4 20. Rc1 Qb6 21. Nb3 Nxc3+ 22. Rxc3 Rxc3 23. bxc3 Rc8 24. Kb2 a5 25. g6 b4 26. axb4 axb4 27. c4 d5 28. gxf7+ Kxf7 29. exd5 exd5 30. Re1 Qd6 31. c5 Qf6+ 32. d4 Ba6 33. Qg4 Ra8 34. Ra1 Re8 35. Qd7+ Kf8 36. Qxd5 Re2+ 37. Kb1 Qe7 38. Qd6 Bd3+ 39. Kc1 Rc2+ 40. Kd1 Rc3 41. Qxe7+ Kxe7 42. Na5 b3 43. Kd2 b2 44. Re1+ Kf6 45. Kxc3 b1=Q 46. Rxb1 Bxb1 47. c6 Ke7 48. d5 Kd6 49. Kd4 Bf5 50. Nc4+ Kc7 51. Kc5 Bg4 52. h6 gxh6 53. d6+ Kd8 54. Ne5 h5 55. c7+ Kc8 56. Kc6 1-0


[Site "https://www.chess.com"]

[Event "Titled Tuesday Blitz August 16 Early 2022"]
[White "Matveeva, Olga"]
[Black "Simonovic, Miroslav"]
[WhiteFideId "24107018"]
[BlackFideId "919152"]
[WhiteElo "2052"]
[BlackElo "2043"]
[Result "0-1"]
[Round "10"]
[TimeControl "180+2"]
[Date "2022.08.18"]
[WhiteClock "0:00:00"]
[BlackClock "0:00:00"]

1. d4 Nf6 2. c4 c5 3. d5 b5 4. cxb5 a6 5. bxa6 Bxa6 6. Nc3 d6 7. g3 Nbd7 8. Rb1 g6 9. Bg2 Bg7 10. Nf3 O-O 11. O-O Ra7 12. Qc2 Qa8 13. Rd1 Rb8 14. b3 Nb6 15. e4 Ng4 16. a4 Nd7 17. Bb2 Nge5 18. Ne1 c4 19. Nb5 Bxb5 20. axb5 cxb3 21. Qxb3 Nc5 22. Qe3 Nc4 23. Qe2 Nxb2 24. Rxb2 Bxb2 25. Qxb2 Ra2 26. Qb1 Qa5 27. Bf1 Rd2 28. Rc1 Qa4 29. e5 Qd4 30. Bg2 Qxf2+ 31. Kh1 Nd3 32. Qxd3 Rxd3 33. Nxd3 Qd2 34. Bf1 dxe5 35. Rb1 e4 36. Nc5 Qxd5 37. Na6 Rb6 38. Nc7 Qc5 39. Na6 Qc2 40. Re1 Qa4 41. Nc5 Qb4 42. Rc1 f5 43. Nd7 Rxb5 44. Bxb5 Qxb5 45. Rc8+ Kg7 46. Nf8 Qb1+ 47. Kg2 Qa2+ 48. Kh3 Qb3 49. Nd7 Kf7 50. Ne5+ Ke6 51. Nc4 Qb1 0-1


[Site "https://www.chess.com"]

[Event "Titled Tuesday Blitz August 16 Early 2022"]
[White "McBryde, Lamel"]
[Black "Eynullayev, Altay"]
[WhiteFideId "2058596"]
[BlackFideId "13413562"]
[WhiteElo "2136"]
[BlackElo "2079"]
[Result "0-1"]
[Round "10"]
[TimeControl "180+2"]
[Date "2022.08.18"]
[WhiteClock "0:00:00"]
[BlackClock "0:00:00"]

1. Nf3 Nf6 2. b3 e6 3. Bb2 Be7 4. d4 O-O 5. e3 d6 6. Bd3 Nbd7 7. Nbd2 Re8 8. c4 Bf8 9. Qc2 b6 10. g4 g6 11. g5 Nh5 12. h4 Bb7 13. O-O-O Bg7 14. Rhg1 a5 15. a3 Qe7 16. Nh2 e5 17. Ng4 a4 18. b4 c5 19. d5 cxb4 20. axb4 a3 21. Ba1 Rec8 22. Nh6+ Kh8 23. Be2 Bxh6 24. gxh6 Nhf6 25. e4 b5 26. f4 bxc4 27. fxe5 dxe5 28. h5 Qxb4 29. hxg6 fxg6 30. Nf3 c3 31. Ng5 Qb2+ 32. Bxb2 axb2+ 33. Qxb2 cxb2+ 34. Kxb2 Ba6 35. Bxa6 Rxa6 36. Rd3 Nc5 37. Ra3 Rb6+ 38. Ka2 Nfxe4 39. Nxe4 Nxe4 40. Re1 Rc2+ 41. Ka1 Nf6 42. Rxe5 Rc1+ 43. Ka2 Rc2+ 0-1


[Site "https://www.chess.com"]